Unix NetHack Version 3.7.0-87 Work-in-progress - last build Jul 6 2023 03:31:47 (95ed96c5f904f8c939670f77da02ce65a080bf33,branch:master). Game began 2023-07-16 18:40:40, ended 2023-07-23 20:26:15. spontiff, neutral male gnomish Healer ---------- |........| #..)......| #|........| # #0 ##|<.......| f # ## ---------- s@ -.----- # ####"####......|## # |._...|# . ###-.....-# |.....| |.....| ------- Spontiff the Rhizotomist St:11 Dx:9 Co:18 In:11 Wi:16 Ch:16 Neutral S:2124 Dlvl:10 $:151 HP:0(36) Pw:4(7) AC:0 Xp:1/0 T:10868 Latest messages: The large cat bites it. The large cat bites it. The large cat bites it. It bites the large cat. The large cat eats an Uruk-hai corpse. You already found a monster. Use 'm' prefix to force another search. What do you want to use or apply? [afkostwxz or ?*] s In what direction? h Status of the giant spider (neutral, large): Level 6 HP 7(27) AC 4. What do you want to use or apply? [afkostwxz or ?*] w In what direction? h The giant spider is frightened by its reflection. What do you want to use or apply? [afkostwxz or ?*] s In what direction? y Status of the large cat (neutral, small): Level 9 HP 31(72) AC 4, tame, eating. You fail to cast the spell correctly. You are beginning to feel weak. Your movements are slowed slightly because of your load. What do you want to eat? [anopy or ?*] n This food really hits the spot! You stop eating the food ration. Your movements are now unencumbered. The giant spider misses! What do you want to use or apply? [afkostwxz or ?*] w In what direction? h The giant spider is frightened by its reflection. In what direction? l Whoops... You are caught by a spider web! You are stuck to the web. You disentangle yourself. You stumble into a spider web! You are stuck to the web. You are stuck to the web. The giant spider bites! The giant spider bites! You are stuck to the web. The giant spider misses! You are stuck to the web. The giant spider bites! You disentangle yourself. The giant spider bites! You swap places with your large cat. $ - 151 gold pieces. The large cat misses the giant spider. The giant spider bites! The giant spider bites! You die... Do you want your possessions identified? [ynq] (y) y Do you want to see the dungeon overview? [ynq] (y) y Inventory: Coins $ - 151 gold pieces Armor h - an uncursed +3 orcish helm (being worn) g - an uncursed +1 pair of leather gloves (being worn) v - an uncursed +0 pair of iron shoes (being worn) q - an uncursed +2 dwarvish cloak (being worn) Comestibles y - an uncursed apple a - 2 uncursed cream pies (wielded) o - an uncursed eucalyptus leaf n - an uncursed food ration U - an uncursed partly eaten food ration p - an uncursed tripe ration Tools f - an uncursed sack containing 40 items z - an uncursed leash w - an uncursed mirror x - an uncursed oil lamp k - an uncursed skeleton key s - an uncursed stethoscope t - an uncursed towel named Po SI Contents of the sack: 2827 gold pieces a cursed amulet of change an uncursed amulet of unchanging a cursed -2 pair of water walking boots a blessed +1 dwarvish cloak 2 uncursed eucalyptus leaves 6 uncursed food rations an uncursed tripe ration an uncursed scroll of destroy armor a blessed scroll of enchant armor an uncursed scroll of enchant weapon an uncursed scroll of genocide an uncursed scroll of identify a blessed scroll of teleportation 2 uncursed scrolls of teleportation a cursed scroll of teleportation an uncursed spellbook of blank paper an uncursed potion of fruit juice an uncursed potion of gain ability named SMOKY a cursed potion of paralysis a cursed potion of see invisible an uncursed potion of water an uncursed +1 ring of gain constitution an uncursed wand of magic missile (0:0) an uncursed wand of magic missile (0:0) an uncursed wand of sleep (0:0) an uncursed wand of speed monster (0:4) an uncursed wand of striking (0:6) an uncursed wand of striking (0:2) an uncursed wand of striking (0:0) an uncursed wand of striking (0:0) an uncursed wand of striking (0:0) an uncursed horn of plenty (0:7) an uncursed worthless piece of black glass 2 uncursed worthless pieces of blue glass an uncursed worthless piece of green glass 2 uncursed worthless pieces of orange glass 2 uncursed worthless pieces of red glass an uncursed worthless piece of white glass 2 uncursed worthless pieces of yellowish brown glass Spontiff the Healer's attributes: Background: You were a Rhizotomist, a level 1 male gnomish Healer. You were neutral, on a mission for Hermes who was opposed by Athena (lawful) and Poseidon (chaotic). You were in the Dungeons of Doom, on level 10. You entered the dungeon 10868 turns ago. You had 0 experience points, 20 were needed to attain level 2. Your score was 2124 before end-of-game adjustments. Basics: You had 0 out of 36 hit points. You had 4 out of 7 energy points (spell power). Your armor class was 0. Your wallet contained 151 zorkmids, and you had 2827 more stashed away in your pack. Autopickup was on for '$!/="?' plus thrown, with exceptions. Final Characteristics: Your strength was 11 (limit:18/50). Your dexterity was 9 (limit:18). Your constitution was 18 (limit:18). Your intelligence was 11 (limit:19). Your wisdom was 16 (limit:18). Your charisma was 16 (limit:18). Final Status: You were not hungry. You were unencumbered. You were wielding some food. Final Attributes: You were piously aligned. You were poison resistant. You saw invisible. You had infravision. You were warded. You are dead. Miscellaneous: You never encountered a bones level. Total elapsed playing time was 3 hours, 43 minutes and 55 seconds. Major events: Turn 1: spontiff the neutral male gnomish Healer entered the dungeon 1134: entered the Gnomish Mines 9640: entered Sokoban 10868: killed by a giant spider Vanquished creatures: a water demon 5 orc-captains a giant spider an imp a wood nymph a mountain nymph 5 Uruk-hai 5 orc shamans 3 rock piercers a pony 2 shriekers a gray ooze a straw golem 3 giant ants a floating eye a kitten 6 dwarves a kobold leader a kobold shaman 14 hill orcs a rothe 2 giant bats a monkey a wererat a werejackal 8 iguanas 6 acid blobs 8 coyotes a gas spore 10 hobbits 3 manes a large kobold 2 hobgoblins 8 giant rats 2 cave spiders 4 brown molds 6 yellow molds 2 green molds 3 red molds 7 gnomes 3 gnome zombies 18 geckos 16 jackals 6 foxes 6 kobolds 8 goblins 4 sewer rats 9 grid bugs 2 bats 14 lichens 2 kobold zombies 13 newts 233 creatures vanquished. No species were genocided or became extinct. Voluntary challenges: You never hit with a wielded weapon. You were a pacifist. You read items or engraved 3 times. You never engraved Elbereth. You never genocided any monsters. You never polymorphed an object. You never changed form. You used no wishes. You did not violate any of the special Sokoban rules. Achievements: You entered a shop. You entered the Gnomish Mines. You entered Sokoban. The Dungeons of Doom: levels 1 to 10 Level 1: Level 2: A potion shop, some graves. Stairs down to The Gnomish Mines. Level 3: A general store. Level 4: Level 5: A sink. Level 6: An altar to Hermes. Level 7: A scroll shop, an altar, a sink. Level 8: Level 9: A fountain. Stairs up to Sokoban, level 8. Level 10: <- You were here. An altar. Final resting place for you, killed by a giant spider. The Gnomish Mines: levels 3 to 6 Level 3: "magic traps side by side; stashlet" Level 4: Level 5: "Orctown" An altar, some fountains. Level 6: Sokoban: Level 8: Unsolved. Game over: ---------- / \ / REST \ / IN \ / PEACE \ / \ | spontiff | | 2978 Au | | killed by a | | giant spider | | | | | | 2023 | *| * * * | * _________)/\\_//(\/(/\)/\//\/|_)_______ Goodbye spontiff the Healer... You died in The Dungeons of Doom on dungeon level 10 with 1957 points, and 2978 pieces of gold, after 10868 moves. You were level 1 with a maximum of 36 hit points when you died.